 Dungeon Crawl Stone Soup version 0.19.4-9-g45fd643 (webtiles) character file.

33608 xhc the Unseen (level 13, -2/58 HPs)
             Began as a Spriggan Enchanter on Feb 17, 2017.
             Was the Champion of Hepliaklqana.
             Slain by a centaur warrior (14 damage)
             ... on level 14 of the Dungeon.
             The game lasted 01:54:26 (19269 turns).

xhc the Unseen (Spriggan Enchanter)                Turns: 19269, Time: 01:54:26

Health: -2/58      AC:  5    Str: 12    XL:     13   Next: 37%
Magic:  27/29      EV: 31    Int: 17    God:    Hepliaklqana [******]
Gold:   798        SH:  3    Dex: 20    Spells: 5 memorised, 22 levels left

rFire  . . .     SeeInvis +     a - +9 rapier "Tumiuw" {pierce, rC+ MR++}
rCold  + . .     Gourm    .     m - +2 robe {MR+}
rNeg   . . .     Faith    .     (shield restricted)
rPois  .         Spirit   .     (helmet restricted)
rElec  .         Reflect  +     S - +0 cloak "Ahae" {*Contam +Fly MR+ Dex+3 SInv}
rCorr  .         Harm     .     (gloves unavailable)
MR     +++++                    (boots unavailable)
Stlth  +++++++...               Z - +3 amulet of reflection
                                X - +3 ring of evasion
                                s - +4 ring of strength

@: drained, very quick
A: unfitting armour, reduced essence, see invisible, herbivore 3, speed 3, slow
metabolism 2
a: Recall Ancestor, Ancestor Identity, Transference, Idealise, Renounce
Religion, Evoke Flight


You were on level 14 of the Dungeon.
You worshipped Hepliaklqana.
Hepliaklqana was exalted by your worship.
You were not hungry.

You visited 2 branches of the dungeon, and saw 17 of its levels.
You also visited: Bailey.

You collected 1281 gold pieces.
You spent 483 gold pieces at shops.

Inventory:

Hand Weapons
 a - the +9 rapier "Tumiuw" (weapon) {pierce, rC+ MR++}
   (You bought it in a shop on level 8 of the Dungeon)

   It inflicts extra damage upon your enemies.
   It protects you from cold.
   It affects your resistance to hostile enchantments.
 b - a +7 shortbow
 e - a +2 dagger of speed
 v - a +0 short sword of protection
Missiles
 j - 20 tomahawks (quivered)
 K - 421 arrows
Armour
 m - a +2 robe of magic resistance (worn)
 w - a +2 robe
 I - a +0 robe of magic resistance
 S - the +0 cloak "Ahae" (worn) {*Contam +Fly MR+ Dex+3 SInv}
   (You found it on level 8 of the Dungeon)

   It affects your dexterity (+3).
   It affects your resistance to hostile enchantments.
   It lets you see invisible.
   It lets you fly.
   It causes magical contamination when unequipped.
Jewellery
 r - an uncursed amulet of magic regeneration
 s - a +4 ring of strength (left hand)
 C - a +1 ring of protection
 F - a +2 ring of slaying
 M - an uncursed amulet of regeneration
 N - an uncursed ring of ice
 X - a +3 ring of evasion (right hand)
 Z - a +3 amulet of reflection (around neck)
Wands
 x - a wand of iceblast (7/15)
 G - a wand of confusion (18/48)
 Q - a wand of iceblast (0/15)
 T - a wand of flame (0/48)
Scrolls
 g - 3 scrolls of amnesia
 h - a scroll of silence {unknown}
 l - 6 scrolls of enchant armour
 n - 3 scrolls of fear
 o - 8 scrolls of remove curse
 q - a scroll of noise {unknown}
 u - 2 scrolls of magic mapping
 y - 3 scrolls of immolation
 z - a scroll of summoning {unknown}
 J - a scroll of teleportation
 O - 3 scrolls of blinking
 U - a scroll of fog {unknown}
Potions
 f - 7 potions of curing
 i - a potion of magic {unknown}
 k - 2 potions of cancellation
 p - 2 potions of mutation {unknown}
 t - a potion of flight {unknown}
 A - 2 potions of agility {unknown}
 B - 3 potions of berserk rage
 D - a potion of heal wounds
 E - 2 potions of haste {unknown}
 R - 2 potions of ambrosia {unknown}
 W - 2 potions of brilliance {unknown}
 Y - 3 potions of lignification
Books
 L - a book of Annihilations

   Spells                             Type                      Level
   a - Poison Arrow                   Conjuration/Poison           6
   b - Chain Lightning                Conjuration/Air              8
   c - Lehudib's Crystal Spear        Conjuration/Earth            8
   d - Glaciate                       Conjuration/Ice              9
   e - Fire Storm                     Conjuration/Fire             9
Miscellaneous
 V - a lamp of fire
Comestibles
 d - 12 bread rations


   Skills:
 + Level 5.8 Fighting
 + Level 10.0(9.9) Short Blades
 * Level 9.1 Bows
 + Level 10.7(10.6) Dodging
 - Level 17.0(16.9) Stealth
 + Level 11.0(10.9) Spellcasting
 - Level 0.2 Conjurations
 + Level 11.6 Hexes
 - Level 0.1 Ice Magic
 + Level 2.0(1.9) Evocations


You had 22 spell levels left.
You knew the following spells:

 Your Spells              Type           Power        Failure   Level  Hunger
a - Corona                Hex            #####..      1%          1    None
b - Ensorcelled Hibernat  Hex/Ice        ####..       1%          2    None
c - Dazzling Spray        Conj/Hex       ####..       1%          3    None
d - Tukima's Dance        Hex            #####...     1%          3    None
e - Confuse               Hex            #####...     1%          3    None


Dungeon Overview and Level Annotations

Branches:
Dungeon (15/15)            Temple (0/1) D:5            Lair (0/6) D:9
    Orc (2/2) D:12            Elf (0/3) Orc:2        Depths (0/5) D:15
 Vaults: D:13-14

Altars:
Ashenzari
Cheibriados
Dithmenos
Fedhas
Hepliaklqana
Kikubaaqudgha
Makhleb
Nemelex Xobeh
Ru
Trog
Vehumet
Xom
Zin
The Shining One
Beogh

Shops:
D:4 }   D:5 (}=?   D:8 (   Orc:2 }[=(

Annotations:
D:3 Azzok's ghost, amateur FoFi
D:5 exclusion: upstairs


Innate Abilities, Weirdness & Mutations

You are very small and have problems with some larger weapons.
You are too small for most types of armour.
You have supernaturally acute eyesight. (SInv)
You are a herbivore.
You cover ground extremely quickly.
You need consume almost no food.
Your life essence is reduced. (-10% HP)


Message History

Aim: a centaur warrior (severely wounded, chance to defeat MR: 40%)
The centaur warrior resists with some effort.
The centaur warrior hits you.
You hit the centaur warrior.
The centaur warrior is severely wounded.
The centaur warrior barely misses you.
You hit the centaur warrior.
The centaur warrior is almost dead.
The centaur warrior misses you. The centaur warrior hits you.
You barely miss the centaur warrior.
The centaur warrior is almost dead.
The centaur warrior completely misses you.
You hit the centaur warrior but do no damage.
The centaur warrior is almost dead.
The centaur warrior hits you!
* * * LOW HITPOINT WARNING * * *
You hit the centaur warrior but do no damage.
The centaur warrior is severely wounded.
The centaur warrior hits you!
You die...

.....'.......#####.....#
....##.......# #.....#
....#........# #.....#
....#........# #.##'##
....#........# #.#....?.#
#####........# #.#.....c#
.. .........# #.#......#
..
..#######.#####.#.......#
..... #..(.@c.#.#####5#
... #.###...#. .# ...
#.###. # .. #.# .. #.# .
### .


You could see a centaur warrior.

Vanquished Creatures
  2 ogre magi (D:15)
  A centaur warrior (D:13)
  2 tengu warriors (D:15)
  An unseen horror (D:14)
  A deep elf archer (Bailey)
  A wizard (D:15)
  2 hill giants
  3 orc knights
  8 deep elf magi
  2 orc sorcerers
  3 cyclopes
  2 naga magi (D:15)
  8 trolls
  3 two-headed ogres
  5 hippogriffs
  Sigmund (D:6)
  5 yaks
  A vampire mosquito (D:13)
  3 wargs
  A black bear (D:11)
  4 sky beasts
  2 eyes of draining
  3 ice beasts
  28 orc warriors
  11 ogres
  A phantom (D:9)
  A wolf (D:15)
  13 centaurs
  2 crocodiles (D:9)
  A big kobold (D:9)
  7 bullfrogs
  A wyvern skeleton (D:12)
  A scorpion (D:10)
  11 killer bees
  7 wights
  5 howler monkeys
  4 crimson imps
  A gnoll shaman (D:7)
  An iron imp (D:5)
  2 jellies
  12 orc wizards
  3 centaur skeletons
  6 hounds
  14 orc priests
  Crazy Yiuf (D:3)
  Jessica (D:3)
  Ijyb (D:3)
  6 iguanas
  3 worker ants
  A killer bee zombie (D:7)
  Robin (D:3)
  2 worker ant zombies (D:5)
  9 gnolls
  7 adders
  A river rat (D:9)
  2 shadow imps
  A white imp (D:15)
  An ufetubus (D:15)
  An ooze (D:4)
  An adder zombie (D:6)
  An adder skeleton (D:9)
  3 dart slugs
  4 leopard geckos
  44 orcs
  9 bats
  2 giant cockroaches
  18 goblins
  4 hobgoblins
  5 jackals
  15 kobolds
  2 quokkas
  4 ball pythons
  5 frilled lizards
  A giant cockroach zombie (D:5)
  2 jackal skeletons
  7 rats
  A fungus (D:9)
362 creatures vanquished.

Vanquished Creatures (collateral kills)
  An ugly thing (D:12)
  An orc sorcerer (Orc:2)
  2 deep elf magi (Bailey)
  2 trolls (Orc:2)
  A two-headed ogre (D:15)
  A hippogriff (D:8)
  A centaur simulacrum (D:15)
  5 yaks
  An ice beast (D:7)
  A sky beast (D:11)
  6 orc warriors
  An eye of draining (D:3)
  6 ogres
  A black bear (D:8)
  5 centaurs
  A phantom (D:8)
  A gnoll sergeant (D:8)
  3 killer bees (D:11)
  A howler monkey (D:11)
  2 wights (D:9)
  A crimson imp (D:6)
  6 orc priests
  10 orc wizards
  An iguana (D:9)
  A worker ant (D:9)
  A hound zombie (D:11)
  A hound skeleton (D:9)
  A howler monkey zombie (D:4)
  A worker ant zombie (D:7)
  3 gnolls
  A shadow imp (D:9)
  A leopard gecko (D:6)
  23 orcs
  A bat (D:3)
  4 goblins (D:3)
  2 hobgoblins (D:3)
  4 jackals (D:6)
  A kobold (D:3)
  A jackal skeleton (D:6)
  A leopard gecko skeleton (D:8)
  3 fungi (D:9)
  4 plants (D:9)
115 creatures vanquished.

Vanquished Creatures (others)
  A centaur warrior (Orc:2)
  A centaur skeleton (D:14)
  A centaur (Orc:2)
  An orc wizard (Orc:1)
  11 battlemagi
  An ancestor (D:3)
  A fungus (D:9)
17 creatures vanquished.

Grand Total: 494 creatures vanquished

Notes
Turn   | Place    | Note
-------+----------+-------------------------------------------
     0 | D:1      | xhc the Spriggan Enchanter began the quest for the Orb.
     0 | D:1      | Reached XP level 1. HP: 9/9 MP: 5/5
   330 | D:1      | Reached XP level 2. HP: 13/13 MP: 6/6
   334 | D:1      | Learned a level 2 spell: Ensorcelled Hibernation
   713 | D:1      | Reached skill level 5 in Stealth
  1090 | D:2      | Reached XP level 3. HP: 16/16 MP: 1/8
  1655 | D:2      | Found a hazy altar of Hepliaklqana.
  1819 | D:3      | Noticed Azzok's ghost (amateur FoFi)
  1951 | D:3      | Found a burning altar of Makhleb.
  1952 | D:3      | Found a shimmering altar of Xom.
  1954 | D:3      | Reached XP level 4. HP: 15/21 MP: 10/10
  2123 | D:3      | Found an ancient bone altar of Kikubaaqudgha.
  2123 | D:3      | Found a sparkling altar of Nemelex Xobeh.
  2164 | D:3      | Noticed Ijyb
  2170 | D:3      | Killed Ijyb
  2170 | D:3      | Reached skill level 6 in Stealth
  2188 | D:3      | Noticed Jessica
  2257 | D:2      | Became a worshipper of Hepliaklqana the Forgotten
  2816 | D:3      | Killed Jessica
  2816 | D:3      | Reached XP level 5. HP: 18/22 MP: 5/11
  2829 | D:3      | Noticed Robin
  3129 | D:3      | Killed Robin
  3354 | D:3      | Found a bloodstained altar of Trog.
  3354 | D:3      | Noticed an eye of draining
  3356 | D:3      | Noticed an eye of draining
  3516 | D:3      | Killed an eye of draining
  3516 | D:3      | Reached skill level 7 in Stealth
  3516 | D:3      | Reached skill level 5 in Hexes
  3516 | D:3      | Reached XP level 6. HP: 26/26 MP: 7/12
  3541 | D:3      | Reached skill level 1 in Fighting
  3735 | D:3      | Found a runed door.
  3739 | D:3      | Noticed Crazy Yiuf
  3743 | D:3      | Killed Crazy Yiuf
  4147 | D:4      | Reached skill level 8 in Stealth
  4166 | D:4      | Reached * piety under Hepliaklqana
  4208 | D:4      | Learned a level 3 spell: Dazzling Spray
  4212 | D:4      | Learned a level 3 spell: Tukima's Dance
  4216 | D:4      | Learned a level 3 spell: Confuse
  4337 | D:4      | Reached XP level 7. HP: 29/29 MP: 14/14
  4469 | D:4      | Found Waheis's Gadget Shoppe.
  4999 | D:5      | Entered Level 5 of the Dungeon
  4999 | D:5      | Found Zumyimm's Gadget Emporium.
  5005 | D:5      | Bought a wand of iceblast (8/15) for 120 gold pieces
  5109 | D:5      | Found a snail-covered altar of Cheibriados.
  5191 | D:5      | Reached ** piety under Hepliaklqana
  5319 | D:5      | Found Xicikhis's Jewellery Emporium.
  5323 | D:5      | Bought a +1 ring of protection for 42 gold pieces
  5467 | D:5      | Found Diroz's Weapon Shop.
  5521 | D:5      | Found a staircase to the Ecumenical Temple.
  5529 | D:5      | Remembered your ancestor amsa as a battlemage
  5559 | D:5      | Found a radiant altar of Vehumet.
  5700 | D:5      | Found a sparkling altar of Nemelex Xobeh.
  5891 | D:5      | Found Axzudyepn's Magic Scroll Shoppe.
  5896 | D:5      | Bought a scroll of identify for 20 gold pieces
  5896 | D:5      | Bought a scroll of identify for 20 gold pieces
  5997 | D:6      | Noticed Sigmund
  6008 | D:6      | Killed Sigmund
  6008 | D:6      | Reached skill level 9 in Stealth
  6026 | D:6      | Reached skill level 10 in Stealth
  6085 | D:6      | Reached XP level 8. HP: 31/33 MP: 8/16
  6091 | D:6      | Reached skill level 5 in Spellcasting
  6185 | D:6      | Reached skill level 11 in Stealth
  6578 | D:6      | Found a blossoming altar of Fedhas.
  6954 | D:6      | Found a glowing golden altar of the Shining One.
  7083 | D:7      | Reached skill level 1 in Bows
  7298 | D:7      | Reached *** piety under Hepliaklqana
  7769 | D:7      | Reached skill level 12 in Stealth
  7769 | D:7      | Reached XP level 9. HP: 37/37 MP: 14/19
  7936 | D:7      | Reached skill level 5 in Dodging
  7989 | D:7      | Reached skill level 13 in Stealth
  8023 | D:7      | Found a glowing silver altar of Zin.
  8027 | D:7      | Found a shattered altar of Ashenzari.
  8043 | D:7      | Found a blossoming altar of Fedhas.
  8102 | D:8      | Found a shadowy altar of Dithmenos.
  8136 | D:8      | Found Buifud's Antique Weapon Shoppe.
  8701 | D:8      | Reached **** piety under Hepliaklqana
  8806 | D:8      | Got a polished cloak
  8817 | D:8      | Identified the +0 cloak "Ahae" {*Contam +Fly MR+ Dex+3 SInv} (You found it on level 8 of the Dungeon)
  9272 | D:9      | Found a staircase to the Lair.
  9287 | D:9      | Reached XP level 10. HP: 41/41 MP: 16/23
  9570 | D:9      | Reached skill level 14 in Stealth
  9588 | D:9      | Reached skill level 5 in Short Blades
  9910 | D:5      | Bought a scroll of identify for 20 gold pieces
 10384 | D:9      | Found a sacrificial altar of Ru.
 10593 | D:10     | Entered Level 10 of the Dungeon
 10821 | D:10     | Reached skill level 5 in Bows
 10845 | D:10     | Reached ***** piety under Hepliaklqana
 11089 | D:10     | Reached skill level 15 in Stealth
 11370 | D:8      | Bought a fine rapier for 261 gold pieces
 11370 | D:8      | Identified the +9 rapier "Tumiuw" {pierce, rC+ MR++} (You bought it in a shop on level 8 of the Dungeon)
 11570 | D:11     | Noticed a hill giant
 11576 | D:11     | Killed a hill giant
 11687 | D:11     | Reached skill level 1 in Evocations
 11687 | D:11     | Reached XP level 11. HP: 45/45 MP: 24/24
 12508 | D:12     | Found a staircase to the Orcish Mines.
 12538 | D:12     | Found a roughly hewn altar of Beogh.
 12594 | D:12     | Found a flagged portal.
 12612 | Bailey   | Entered a bailey
 12621 | Bailey   | Noticed a deep elf mage
 12624 | Bailey   | Killed a deep elf mage
 12634 | Bailey   | Noticed a deep elf mage
 12635 | Bailey   | Noticed a deep elf mage
 12635 | Bailey   | Noticed a deep elf mage
 12636 | Bailey   | Noticed a deep elf mage
 12637 | Bailey   | Killed a deep elf mage
 12642 | Bailey   | Noticed a deep elf mage
 12643 | Bailey   | Killed a deep elf mage
 12648 | Bailey   | Killed a deep elf mage
 12657 | Bailey   | Killed a deep elf mage
 12663 | Bailey   | Noticed a deep elf mage
 12671 | Bailey   | Killed a deep elf mage
 12686 | Bailey   | Killed a deep elf mage
 12686 | Bailey   | Reached skill level 16 in Stealth
 12720 | Bailey   | Noticed a deep elf archer
 12724 | Bailey   | Killed a deep elf archer
 12776 | Bailey   | Noticed a deep elf mage
 12776 | Bailey   | Noticed a deep elf mage
 12788 | Bailey   | Killed a deep elf mage
 12817 | Bailey   | Killed a deep elf mage
 13282 | D:12     | Reached skill level 10 in Dodging
 13354 | D:12     | Reached skill level 10 in Hexes
 13689 | Orc:1    | Entered Level 1 of the Orcish Mines
 13976 | D:12     | Noticed a red ugly thing
 14010 | D:12     | Killed a red ugly thing
 14010 | D:12     | Reached XP level 12. HP: 38/51 MP: 16/26
 14394 | Orc:2    | Entered Level 2 of the Orcish Mines
 15196 | Orc:2    | Noticed a centaur warrior
 15206 | Orc:2    | Killed a centaur warrior
 15206 | Orc:2    | Reached skill level 10 in Spellcasting
 16192 | Orc:2    | Found Qophazib's Jewellery Boutique.
 16192 | Orc:2    | Found Pyheugax's Armour Shoppe.
 16194 | Orc:2    | Found Duxzy's Gadget Emporium.
 16196 | Orc:2    | Found Mili's Antique Weapon Shop.
 16685 | Orc:2    | Found a staircase to the Elven Halls.
 17158 | Orc:1    | Reached skill level 5 in Fighting
 18123 | D:13     | Noticed a centaur warrior
 18128 | D:13     | Killed a centaur warrior
 18128 | D:13     | Reached skill level 17 in Stealth
 18302 | D:13     | You fall through a shaft for 2 floors!
 18302 | D:15     | Entered Level 15 of the Dungeon
 18494 | D:15     | Reached XP level 13. HP: 56/56 MP: 28/28
 18509 | D:15     | Found a staircase to the Depths.
 18853 | D:15     | Reached ****** piety under Hepliaklqana
 19256 | D:14     | Reached skill level 10 in Short Blades
 19269 | D:14     | Slain by a centaur warrior

Skill      XL: |  1  2  3  4  5  6  7  8  9 10 11 12 13 |
---------------+----------------------------------------+-----
Spellcasting   | 3 4 6 8 9 10 11 | 11.0
Stealth        | 5 6 7 8 10 12 13 15 16 17 | 17.0
Short Blades   | 2 3 4 5 8 9 10 | 10.0
Hexes          | 4 5 6 7 8 9 10 11 | 11.6
Fighting       | 1 2 3 5 |  5.8
Dodging        | 4 5 8 10 | 10.7
Bows           | 1 2 5 8 9 |  9.1
Evocations     | 1 2 |  2.0
Conjurations   | |  0.2
Ice Magic      | |  0.1

Action                   |  1- 3 |  4- 6 |  7- 9 | 10-12 | 13-15 || total
-------------------------+-------+-------+-------+-------+-------++-------
Melee: Dagger            |    71 |    83 |   129 |   107 |       ||   390
       Short sword       |       |       |       |    67 |       ||    67
       Rapier            |       |       |       |   262 |    78 ||   340
 Fire: Hunting sling     |       |     5 |       |       |       ||     5
       Shortbow          |       |       |    30 |   123 |     1 ||   154
Throw: Tomahawk          |       |     2 |     5 |     9 |     1 ||    17
 Cast: Corona            |     5 |     1 |       |       |       ||     6
       Ensorcelled Hiber |    29 |    20 |    66 |   152 |    13 ||   280
       Confuse           |       |       |     5 |     3 |     5 ||    13
       Dazzling Spray    |       |       |     1 |     2 |       ||     3
       Tukima's Dance    |       |       |       |     2 |       ||     2
Invok: Recall Ancestor   |       |     2 |     5 |     7 |     1 ||    15
       Ancestor Identity |       |     2 |       |       |       ||     2
       Ancestor Life: Ba |       |       |     1 |       |       ||     1
       Idealise          |       |       |       |     1 |       ||     1
Evoke: Wand              |       |       |     3 |    15 |     3 ||    21
  Use: Scroll            |     4 |     4 |     4 |    17 |     7 ||    36
       Potion            |       |     2 |     2 |     7 |       ||    11
 Stab: Sleeping          |    29 |    21 |    42 |    87 |    15 ||   194
       Confused          |       |       |     4 |     2 |     1 ||     7
       Distracted        |       |       |     2 |    10 |     2 ||    14
       Invisible         |       |       |       |     1 |       ||     1
  Eat: Bread ration      |       |     1 |     1 |       |       ||     2
       Pizza             |       |       |       |     1 |       ||     1
       Fruit             |       |       |       |     5 |       ||     5
       Royal jelly       |       |       |       |     1 |       ||     1
Armor: Robe              |    14 |     7 |    18 |    29 |       ||    68
Dodge: Dodged            |    68 |    65 |    98 |   488 |    42 ||   761
Block: Other             |       |       |       |    62 |     5 ||    67
       Reflection        |       |       |       |    15 |     1 ||    16
